 Dungeon Crawl Stone Soup version 0.29-a0-234-g0dae59b3db (webtiles) character file.

Game seed: 5032303096696636743

1 Intoxikaded the Skirmisher (level 1, 0/19 HPs)
             Began as a Draconian Berserker on Mar 2, 2022.
             Was a Follower of Trog.
             Slain by a goblin
             ... wielding a +0 vampiric dagger
              (3 damage)
             ... on level 1 of the Dungeon.
             The game lasted 00:00:50 (80 turns).

Intoxikaded the Skirmisher (Draconian Berserker)      Turns: 80, Time: 00:00:50

Health: 0/19       AC:  4    Str: 19    XL:     1   Next: 16%
Magic:  1/1        EV:  9    Int:  7    God:    Trog [*.....]
Gold:   7          SH:  0    Dex: 10    Spells: 0/0 levels left

rFire   . . .      SeeInvis .   a - +0 mace
rCold   . . .      Faith    .   (no shield)
rNeg    . . .      Spirit   .   (body armour unavailable)
rPois   .          Reflect  .   (helmet restricted)
rElec   .          Harm     .   (no cloak)
rCorr   .          Rampage  .   (no gloves)
Will    .....                   (no boots)
Stlth   +.........              (no amulet)
HPRegen 0.06/turn               (no ring)
MPRegen 0.07/turn               (no ring)

@: slowed, constricted, very slow
A: AC +4, unfitting armour, cold-blooded
a: Renounce Religion, Berserk


You were on level 1 of the Dungeon.
You worshipped Trog.
Trog was aware of your devotion.
You visited 1 branch of the dungeon, and saw 1 of its levels.

You collected 7 gold pieces.

Inventory:

Hand Weapons
 a - a +0 mace (weapon)
Scrolls
 b - a scroll of teleportation {unknown}


   Skills:
 + Level 3.2 Fighting
 + Level 3.0 Maces & Flails
 + Level 2.8 Dodging


You couldn't memorise any spells.
You didn't know any spells.
Your spell library was empty.

Dungeon Overview and Level Annotations

Branches:
Dungeon (1/15)

Altars:


Innate Abilities, Weirdness & Mutations

Your plain brown scales are hard. (AC +4)
You cannot fit into any form of body armour.
You are cold-blooded and may be slowed by cold attacks.


Message History

The bat is moderately wounded.
The bat hits you but does no damage.
You hit the bat.
The bat is heavily wounded.
The bat closely misses you. The bat misses you. The bat barely misses you.
You hit the bat.
You kill the bat!
Trog accepts your kill.
You see here a bat corpse.
b - a scroll labelled ASEISTR CUKHLADOH A ball python and a goblin come into view.
The goblin is wielding a +0 vampiric dagger.
The ball python hisses angrily.
The goblin shouts!
An endoplasm comes into view.
The endoplasm quivers.
You see here 12 gold pieces.
You barely miss the goblin. The goblin hits you but does no damage.
A ball python comes into view.
The goblin closely misses you.
You barely miss the goblin.
The ball python hisses angrily.
Your tail-slap misses the goblin.
The ball python closely misses you. x2
The goblin hits you with a +0 vampiric dagger.
The ball python bites you. The ball python closely misses you.
You barely miss the goblin. The ball python misses you.
The ball python grabs you. The ball python constricts you.
The goblin hits you with a +0 vampiric dagger.
You escape the ball python's grasp.
The endoplasm freezes you.
You are frozen.
You feel yourself slow down.
The goblin hits you with a +0 vampiric dagger.
You hit the ball python but do no damage.
The endoplasm freezes you.
You are frozen.
* * * LOW HITPOINT WARNING * * *
You feel as though you will be slow longer.
The ball python bites you but does no damage.
The ball python grabs you. The ball python constricts you.
The goblin hits you with a +0 vampiric dagger.
You die...

#..............#
#.#.
#......##......#
#.#.
#..###.........#
#... #..#
###.......# #.##
###..######.###..#
#.. #.....†.###.#
##.# #.##
#.#####..#..# #.#
#.. #.###.##.#S##
#.# #.#
.........S@###...#
#.#
#......#..g.J...##
#.#
........##$....#
.....######.....#
..... ###..# ....
... ##. .#


You could see an endoplasm, a goblin and 2 ball pythons.

Vanquished Creatures
  A bat (D:1)
1 creature vanquished.

Notes
Turn   | Place    | Note
-------+----------+-------------------------------------------
     0 | D:1      | Intoxikaded the Draconian Berserker began the quest for the
                  | Orb.
     0 | D:1      | Reached XP level 1. HP: 19/19 MP: 1/1
    80 | D:1      | Slain by a goblin

Illustrated notes

Levels and vault maps discovered:
D:1:      matt_arrival_spirals, layout_rooms, minmay_lizard_king

Action                   || total
-------------------------++-------
Melee: Mace              ||     7
 Stab: Sleeping          ||     1
Armor: Skin              ||     3
Dodge: Dodged            ||     8

Table legend: (Time is in decaauts)
 A = Elapsed time spent in this place.
 B = Non-inter-level travel time spent in this place.
 C = Inter-level travel time spent in this place.
 D = Time resting spent in this place.
 E = Time spent auto-exploring this place.
 F = Levels seen in this place.
 G = Mean time per level.
                   A        B        C        D        E       F      G
               +--------+--------+--------+--------+--------+-----+--------+
         Total |     81 |     24 |     57 |      0 |      0 |   1 |   81.0 |
       Dungeon |     81 |     24 |     57 |      0 |      0 |   1 |   81.0 |
               +--------+--------+--------+--------+--------+-----+--------+

Top non-repeatable levels by time:
     D:1: 81 daAuts
